1926 views
Uploaded 2023-01-24 01:48:13
Game version 1.35 (6115)
32:15 long 3on3 ladder game on (6)StranglethornVale
Saved by Cabeelibob
1926 views
Uploaded 2023-01-24 01:48:13
Game version 1.35 (6115)
32:15 long 3on3 ladder game on (6)StranglethornVale


82 units @ 8.4k
/ 1.1k
116 buildings @ 9.6k
/ 4.4k



| Orb of Fire | 4 | 1300 |
| total: | 4 | 1300g |
| Peasant | 19 | 1425 | / | 0 |
| Mortar Team | 1 | 180 | / | 70 |
| Flying Machine | 18 | 1800 | / | 540 |
| total: | 38 | 3405g | / | 610w |
| Scout Tower | 17 | 510 | / | 340 |
| Guard Tower | 13 | 910 | / | 650 |
| Arcane Tower | 1 | 70 | / | 50 |
| Altar of Kings | 2 | 360 | / | 100 |
| Farm | 17 | 1360 | / | 340 |
| Lumber Mill | 2 | 240 | / | 0 |
| Town Hall | 1 | 385 | / | 205 |
| Blacksmith | 1 | 140 | / | 60 |
| Arcane Vault | 2 | 260 | / | 60 |
| Workshop | 3 | 420 | / | 420 |
| Keep | 1 | 320 | / | 210 |
| Castle | 1 | 360 | / | 210 |
| total: | 45 | 3675g | / | 1525w |
| 0:02 | Peasant |
| 0:03 | Peasant |
| 0:19 | Altar of Kings |
| 0:20 | Peasant |
| 0:31 | Peasant |
| 0:33 | Farm |
| 0:34 | Peasant |
| 0:49 | Lumber Mill |
| 1:05 | Peasant |
| 1:08 | Farm |
| 1:19 | Peasant |
| 1:36 | Peasant |
| 1:44 | Farm |
| 1:45 | Peasant |
| 1:51 | Improved Lumber Harvesting |
| 1:51 | Improved Masonry |
| 1:57 | Scout Tower |
| 2:02 | Peasant |
| 2:06 | Scout Tower |
| 2:08 | Peasant |
| 2:13 | Scout Tower |
| 2:20 | Storm Bolt |
| 2:25 | Guard Tower |
| 2:28 | Scout Tower |
| 2:28 | Scout Tower |
| 2:34 | Arcane Tower |
| 2:35 | Peasant |
| 3:11 | Guard Tower |
| 3:14 | Peasant |
| 3:15 | Peasant |
| 3:35 | Town Hall |
| 3:44 | Scout Tower |
| 3:45 | Scout Tower |
| 3:50 | Guard Tower |
| 3:55 | Peasant |
| 3:55 | Peasant |
| 4:17 | Peasant |
| 4:18 | Advanced Masonry |
| 4:24 | Guard Tower |
| 4:37 | Guard Tower |
| 4:39 | Scout Tower |
| 4:43 | Scout Tower |
| 5:06 | Keep |
| 5:09 | Guard Tower |
| 5:13 | Scout Tower |
| 5:15 | Scout Tower |
| 5:20 | Guard Tower |
| 5:41 | Guard Tower |
| 5:43 | Guard Tower |
| 5:52 | Blacksmith |
| 5:54 | Farm |
| 5:55 | Farm |
| 6:04 | Scout Tower |
| 6:04 | Scout Tower |
| 6:05 | Scout Tower |
| 6:32 | Peasant |
| 6:32 | Peasant |
| 6:37 | Guard Tower |
| 6:40 | Scout Tower |
| 6:42 | Farm |
| 6:49 | Bash |
| 6:55 | Guard Tower |
| 7:08 | Black Gunpowder |
| 7:27 | Castle |
| 7:30 | Guard Tower |
| 7:38 | Guard Tower |
| 7:49 | Workshop |
| 7:50 | Workshop |
| 7:57 | Workshop |
| 8:01 | Advanced Lumber Harvesting |
| 8:01 | Imbued Masonry |
| 8:05 | Farm |
| 8:06 | Farm |
| 8:27 | Holy Light |
| 8:28 | Bash |
| 8:32 | Refined Gunpowder |
| 9:09 | Flak Cannons |
| 9:09 | Flare |
| 9:32 | Farm |
| 9:32 | Farm |
| 9:59 | Flying Machine Bombs |
| 9:59 | Fragmentation Shards |
| 10:03 | Imbued Gunpowder |
| 10:03 | Iron Plating |
| 10:44 | Mortar Team |
| 10:51 | Farm |
| 10:53 | Farm |
| 11:03 | Scout Tower |
| 11:05 | Scout Tower |
| 12:02 | Altar of Kings |
| 13:26 | Flying Machine |
| 13:27 | Flying Machine |
| 13:27 | Flying Machine |
| 13:27 | Flying Machine |
| 13:27 | Flying Machine |
| 13:27 | Flying Machine |
| 13:27 | Flying Machine |
| 13:30 | Steel Plating |
| 14:24 | Lumber Mill |
| 14:47 | Healing Spray |
| 14:53 | Flying Machine |
| 14:53 | Flying Machine |
| 14:53 | Flying Machine |
| 15:14 | Farm |
| 15:15 | Farm |
| 15:16 | Farm |
| 15:18 | Farm |
| 15:21 | Farm |
| 15:47 | Mithril Plating |
| 16:07 | Flying Machine |
| 16:08 | Flying Machine |
| 17:40 | Arcane Vault |
| 17:41 | Arcane Vault |
| 17:54 | Flying Machine |
| 19:29 | Orb of Fire |
| 19:31 | Orb of Fire |
| 24:18 | Divine Shield |
| 25:03 | Divine Shield |
| 25:14 | Acid Bomb |
| 25:19 | Storm Bolt |
| 25:34 | Storm Bolt |
| 27:45 | Orb of Fire |
| 27:46 | Orb of Fire |
| 29:52 | Flying Machine |
| 29:52 | Flying Machine |
| 29:52 | Flying Machine |
| 29:52 | Flying Machine |
| 29:53 | Flying Machine |
| Right click | 1178 |
| Select group | 869 |
| Select | 313 |
| Build/train/purchase | 107 |
| Misc. action | 97 |
| Use ability | 83 |
| Assign group | 15 |
| Minimap ping | 12 |
| Item give/drop | 4 |
| Remove unit | 1 |
GIGA
(207)
(32:12) : 

| Healing Salve | 2 | 200 |
| Lesser Clarity Potion | 3 | 210 |
| Orb of Lightning | 1 | 375 |
| Boots of Speed | 1 | 250 |
| Staff of Teleportation | 1 | 150 |
| total: | 8 | 1185g |
| Peon | 16 | 1200 | / | 0 |
| Troll Witch Doctor | 4 | 580 | / | 100 |
| Troll Batrider | 4 | 640 | / | 160 |
| total: | 24 | 2420g | / | 260w |
| Watch Tower | 3 | 330 | / | 240 |
| Altar of Storms | 2 | 360 | / | 100 |
| Orc Burrow | 5 | 800 | / | 200 |
| Voodoo Lounge | 2 | 260 | / | 60 |
| War Mill | 1 | 205 | / | 0 |
| Great Hall | 1 | 385 | / | 185 |
| Spirit Lodge | 1 | 150 | / | 150 |
| Beastiary | 1 | 145 | / | 140 |
| Stronghold | 1 | 315 | / | 190 |
| Fortress | 1 | 325 | / | 190 |
| total: | 16 | 2635g | / | 1075w |
| 0:02 | Peon |
| 0:03 | Peon |
| 0:06 | Altar of Storms |
| 0:11 | Orc Burrow |
| 0:30 | Peon |
| 0:36 | Peon |
| 0:36 | Peon |
| 1:02 | Peon |
| 1:29 | Voodoo Lounge |
| 1:33 | War Mill |
| 1:37 | Peon |
| 1:37 | Peon |
| 1:50 | Orc Burrow |
| 1:53 | Peon |
| 1:54 | Peon |
| 2:18 | Wind Walk |
| 3:06 | Peon |
| 3:06 | Peon |
| 3:07 | Peon |
| 3:52 | Boots of Speed |
| 3:53 | Staff of Teleportation |
| 4:13 | Peon |
| 4:13 | Peon |
| 4:14 | Peon |
| 4:27 | Great Hall |
| 4:33 | Altar of Storms |
| 4:37 | Healing Salve |
| 4:43 | Lesser Clarity Potion |
| 6:01 | Orc Burrow |
| 6:04 | Critical Strike |
| 6:21 | Watch Tower |
| 6:22 | Watch Tower |
| 6:23 | Watch Tower |
| 6:30 | Orc Burrow |
| 8:19 | Stronghold |
| 8:33 | Voodoo Lounge |
| 10:44 | Wind Walk |
| 10:52 | Fortress |
| 11:12 | Reinforced Defenses |
| 11:13 | Spiked Barricades |
| 11:43 | Lesser Clarity Potion |
| 12:19 | Healing Salve |
| 12:40 | Spirit Lodge |
| 13:53 | Orb of Lightning |
| 14:02 | Troll Witch Doctor |
| 14:02 | Witch Doctor Adept Training |
| 15:34 | Witch Doctor Master Training |
| 15:35 | Troll Witch Doctor |
| 15:35 | Troll Witch Doctor |
| 15:35 | Troll Witch Doctor |
| 16:23 | Critical Strike |
| 17:30 | Orc Burrow |
| 19:06 | Lesser Clarity Potion |
| 20:13 | Bladestorm |
| 20:15 | Critical Strike |
| 25:07 | Beastiary |
| 25:14 | Mirror Image |
| 26:48 | Troll Batrider |
| 26:48 | Troll Batrider |
| 26:48 | Troll Batrider |
| 26:58 | Troll Batrider |
| 28:52 | Blizzard |
| 31:27 | Holy Light |
| 31:36 | Healing Spray |
| 31:43 | Brilliance Aura |
| Right click | 1850 |
| Select | 321 |
| Build/train/purchase | 88 |
| Use ability | 67 |
| Resource trade | 45 |
| Chat | 27 |
| Minimap ping | 10 |
| Item give/drop | 9 |
| Misc. action | 7 |
| Select group | 2 |
| Esc | 2 |
| Assign group | 1 |



| Peasant | 13 | 975 | / | 0 |
| Dragonhawk Rider | 6 | 1200 | / | 180 |
| Goblin Shredder | 1 | 375 | / | 100 |
| total: | 20 | 2550g | / | 280w |
| Scout Tower | 42 | 1260 | / | 840 |
| Arcane Tower | 12 | 840 | / | 600 |
| Guard Tower | 13 | 910 | / | 650 |
| Altar of Kings | 1 | 180 | / | 50 |
| Farm | 4 | 320 | / | 80 |
| Lumber Mill | 2 | 240 | / | 0 |
| Blacksmith | 1 | 140 | / | 60 |
| Arcane Vault | 1 | 130 | / | 30 |
| Town Hall | 2 | 770 | / | 410 |
| Cannon Tower | 8 | 960 | / | 800 |
| Workshop | 1 | 140 | / | 140 |
| Gryphon Aviary | 1 | 140 | / | 150 |
| Keep | 2 | 640 | / | 420 |
| Castle | 2 | 720 | / | 420 |
| total: | 55 | 3320g | / | 1760w |
| 0:04 | Altar of Kings |
| 0:09 | Farm |
| 0:16 | Peasant |
| 0:36 | Peasant |
| 0:45 | Peasant |
| 0:50 | Farm |
| 0:52 | Peasant |
| 1:15 | Lumber Mill |
| 1:20 | Peasant |
| 1:24 | Scout Tower |
| 1:25 | Peasant |
| 1:31 | Lumber Mill |
| 1:36 | Peasant |
| 1:45 | Peasant |
| 1:51 | Peasant |
| 1:58 | Arcane Tower |
| 2:04 | Farm |
| 2:06 | Storm Bolt |
| 2:19 | Scout Tower |
| 2:25 | Peasant |
| 2:34 | Scout Tower |
| 2:37 | Improved Masonry |
| 3:00 | Peasant |
| 3:00 | Peasant |
| 3:25 | Guard Tower |
| 3:29 | Scout Tower |
| 3:30 | Scout Tower |
| 3:45 | Keep |
| 3:48 | Peasant |
| 4:00 | Scout Tower |
| 4:01 | Scout Tower |
| 4:03 | Guard Tower |
| 4:06 | Guard Tower |
| 4:11 | Keep |
| 4:20 | Scout Tower |
| 4:21 | Scout Tower |
| 5:06 | Guard Tower |
| 5:08 | Guard Tower |
| 5:11 | Scout Tower |
| 5:12 | Scout Tower |
| 5:14 | Scout Tower |
| 5:41 | Guard Tower |
| 5:44 | Blacksmith |
| 5:55 | Scout Tower |
| 6:04 | Scout Tower |
| 6:27 | Goblin Shredder |
| 7:01 | Advanced Masonry |
| 7:11 | Workshop |
| 7:41 | Arcane Tower |
| 7:42 | Arcane Tower |
| 7:45 | Scout Tower |
| 7:45 | Scout Tower |
| 7:47 | Scout Tower |
| 7:47 | Scout Tower |
| 7:53 | Castle |
| 8:01 | Scout Tower |
| 8:23 | Arcane Tower |
| 8:39 | Scout Tower |
| 8:41 | Scout Tower |
| 8:44 | Guard Tower |
| 8:55 | Holy Light |
| 8:59 | Castle |
| 9:03 | Scout Tower |
| 9:08 | Arcane Tower |
| 9:14 | Arcane Tower |
| 9:20 | Scout Tower |
| 9:23 | Scout Tower |
| 9:39 | Guard Tower |
| 9:42 | Scout Tower |
| 9:47 | Arcane Tower |
| 9:51 | Arcane Tower |
| 9:55 | Scout Tower |
| 10:00 | Scout Tower |
| 10:12 | Guard Tower |
| 10:16 | Scout Tower |
| 10:23 | Arcane Tower |
| 10:26 | Arcane Tower |
| 10:29 | Scout Tower |
| 10:38 | Scout Tower |
| 10:40 | Scout Tower |
| 10:47 | Scout Tower |
| 10:59 | Arcane Tower |
| 11:10 | Cannon Tower |
| 11:19 | Scout Tower |
| 11:39 | Cannon Tower |
| 11:45 | Scout Tower |
| 11:54 | Imbued Masonry |
| 11:57 | Fragmentation Shards |
| 12:01 | Cannon Tower |
| 12:26 | Farm |
| 12:30 | Guard Tower |
| 12:32 | Scout Tower |
| 13:03 | Cannon Tower |
| 13:07 | Scout Tower |
| 13:08 | Scout Tower |
| 13:09 | Scout Tower |
| 13:19 | Scout Tower |
| 13:22 | Scout Tower |
| 13:31 | Guard Tower |
| 13:34 | Scout Tower |
| 13:34 | Scout Tower |
| 13:41 | Cannon Tower |
| 13:52 | Cannon Tower |
| 14:09 | Cannon Tower |
| 14:16 | Arcane Tower |
| 14:22 | Guard Tower |
| 14:33 | Brilliance Aura |
| 15:02 | Cannon Tower |
| 15:05 | Gryphon Aviary |
| 15:09 | Arcane Vault |
| 15:46 | Guard Tower |
| 16:25 | Cloud |
| 16:36 | Dragonhawk Rider |
| 16:37 | Dragonhawk Rider |
| 25:12 | Town Hall |
| 25:22 | Town Hall |
| 25:59 | Dragonhawk Rider |
| 26:00 | Dragonhawk Rider |
| 26:00 | Dragonhawk Rider |
| 26:03 | Dragonhawk Rider |
| Right click | 848 |
| Select group | 440 |
| Select | 345 |
| Chat | 170 |
| Build/train/purchase | 77 |
| Misc. action | 46 |
| Assign group | 17 |
| Resource trade | 11 |
| Use ability | 6 |
| Minimap ping | 5 |
| Remove unit | 3 |
| Esc | 1 |
152 units @ 19.6k
/ 3.6k
147 buildings @ 13.3k
/ 6.4k


| Potion of Healing | 1 | 150 |
| Scroll of Healing | 1 | 250 |
| Scroll of Town Portal | 1 | 350 |
| Periapt of Vitality | 1 | 325 |
| Scroll of Protection | 2 | 300 |
| total: | 6 | 1375g |
| Wisp | 25 | 1500 | / | 0 |
| Archer | 9 | 1170 | / | 90 |
| Chimaera | 10 | 3300 | / | 700 |
| Druid of the Claw | 1 | 255 | / | 80 |
| total: | 45 | 6225g | / | 870w |
| Ancient Protector | 1 | 135 | / | 80 |
| Altar of Elders | 1 | 180 | / | 50 |
| Moon Well | 7 | 1260 | / | 280 |
| Ancient of War | 1 | 150 | / | 60 |
| Hunter's Hall | 1 | 210 | / | 100 |
| Tree of Life | 3 | 1020 | / | 555 |
| Ancient of Wonders | 1 | 90 | / | 30 |
| Ancient of Lore | 1 | 155 | / | 145 |
| Chimaera Roost | 2 | 280 | / | 380 |
| Tree of Ages | 2 | 640 | / | 360 |
| Tree of Eternity | 2 | 660 | / | 400 |
| total: | 18 | 3480g | / | 1680w |
| 0:06 | Wisp |
| 0:06 | Wisp |
| 0:19 | Altar of Elders |
| 0:31 | Moon Well |
| 0:35 | Wisp |
| 0:57 | Ancient of War |
| 1:01 | Wisp |
| 1:15 | Moon Well |
| 1:32 | Wisp |
| 2:05 | Archer |
| 2:22 | Mana Burn |
| 2:35 | Archer |
| 2:57 | Wisp |
| 3:06 | Archer |
| 3:11 | Tree of Ages |
| 4:23 | Moon Well |
| 4:33 | Evasion |
| 5:11 | Hunter's Hall |
| 5:39 | Tree of Eternity |
| 6:37 | Mana Burn |
| 6:46 | Tree of Life |
| 6:58 | Moon Well |
| 8:11 | Trueshot Aura |
| 8:28 | Wisp |
| 8:28 | Wisp |
| 8:28 | Wisp |
| 8:29 | Wisp |
| 8:29 | Wisp |
| 9:16 | Wisp |
| 9:16 | Wisp |
| 9:16 | Wisp |
| 9:16 | Wisp |
| 9:16 | Wisp |
| 9:36 | Chimaera Roost |
| 10:14 | Chimaera Roost |
| 10:30 | Reinforced Hides |
| 10:38 | Moon Well |
| 11:07 | Chimaera |
| 11:18 | Strength of the Wild |
| 11:49 | Chimaera |
| 11:51 | Chimaera |
| 11:53 | Chimaera |
| 12:25 | Chimaera |
| 12:34 | Improved Strength of the Wild |
| 12:46 | Corrosive Breath |
| 12:56 | Wisp |
| 12:56 | Wisp |
| 13:39 | Chimaera |
| 13:43 | Moon Well |
| 13:52 | Advanced Strength of the Wild |
| 13:59 | Periapt of Vitality |
| 14:00 | Scroll of Protection |
| 14:01 | Scroll of Healing |
| 14:10 | Scroll of Protection |
| 15:23 | Improved Reinforced Hides |
| 16:21 | Searing Arrows |
| 16:38 | Wisp |
| 16:38 | Wisp |
| 16:38 | Wisp |
| 16:38 | Wisp |
| 16:40 | Wisp |
| 16:44 | Advanced Reinforced Hides |
| 16:55 | Ancient of Wonders |
| 17:15 | Ultravision |
| 17:16 | Well Spring |
| 18:36 | Scroll of Town Portal |
| 18:44 | Potion of Healing |
| 21:07 | Archer |
| 21:08 | Archer |
| 21:08 | Archer |
| 21:08 | Archer |
| 21:08 | Archer |
| 22:02 | Archer |
| 22:15 | Tree of Life |
| 23:58 | Chimaera |
| 24:00 | Chimaera |
| 24:05 | Moon Well |
| 24:19 | Chimaera |
| 24:25 | Tree of Ages |
| 25:41 | Chimaera |
| 26:14 | Ancient Protector |
| 26:50 | Tree of Eternity |
| 26:57 | Ancient of Lore |
| 28:35 | Immolation |
| 28:46 | Tree of Life |
| 29:15 | Druid of the Claw Adept Training |
| 29:58 | Immolation |
| 30:42 | Druid of the Claw Master Training |
| 30:44 | Druid of the Claw |
| 30:53 | Wisp |
| 30:53 | Wisp |
| Right click | 632 |
| Misc. action | 434 |
| Select group | 428 |
| Select | 302 |
| Build/train/purchase | 84 |
| Use ability | 25 |
| Assign group | 23 |
| Minimap ping | 3 |
| Esc | 1 |
wowtw
(2)
(32:12) : 
| Lesser Clarity Potion | 4 | 280 |
| Ivory Tower | 2 | 80 |
| Orb of Fire | 1 | 325 |
| Potion of Mana | 1 | 200 |
| Scroll of Town Portal | 2 | 700 |
| Boots of Speed | 1 | 250 |
| Circlet of Nobility | 1 | 175 |
| total: | 12 | 2010g |
| Peasant | 14 | 1050 | / | 0 |
| Rifleman | 12 | 2460 | / | 360 |
| Mortar Team | 17 | 3060 | / | 1190 |
| Siege Engine | 5 | 975 | / | 300 |
| Flying Machine | 1 | 100 | / | 30 |
| total: | 49 | 7645g | / | 1880w |
| Scout Tower | 11 | 330 | / | 220 |
| Guard Tower | 5 | 350 | / | 250 |
| Arcane Tower | 2 | 140 | / | 100 |
| Altar of Kings | 2 | 360 | / | 100 |
| Farm | 16 | 1280 | / | 320 |
| Lumber Mill | 2 | 240 | / | 0 |
| Barracks | 1 | 160 | / | 60 |
| Blacksmith | 2 | 280 | / | 120 |
| Arcane Vault | 3 | 390 | / | 90 |
| Town Hall | 1 | 385 | / | 205 |
| Cannon Tower | 4 | 480 | / | 400 |
| Workshop | 4 | 560 | / | 560 |
| Gryphon Aviary | 1 | 140 | / | 150 |
| Keep | 2 | 640 | / | 420 |
| Castle | 2 | 720 | / | 420 |
| total: | 43 | 4125g | / | 1825w |
| 0:02 | Peasant |
| 0:02 | Peasant |
| 0:02 | Peasant |
| 0:18 | Altar of Kings |
| 0:21 | Farm |
| 0:24 | Peasant |
| 0:36 | Peasant |
| 0:45 | Lumber Mill |
| 0:49 | Peasant |
| 0:59 | Peasant |
| 1:20 | Peasant |
| 1:22 | Barracks |
| 1:28 | Blacksmith |
| 1:34 | Peasant |
| 1:44 | Peasant |
| 1:48 | Improved Lumber Harvesting |
| 1:51 | Scout Tower |
| 2:01 | Scout Tower |
| 2:19 | Guard Tower |
| 2:38 | Holy Light |
| 2:43 | Farm |
| 2:50 | Guard Tower |
| 2:53 | Arcane Vault |
| 3:11 | Farm |
| 3:12 | Rifleman |
| 3:16 | Improved Masonry |
| 3:44 | Rifleman |
| 4:23 | Keep |
| 4:31 | Farm |
| 4:38 | Rifleman |
| 5:06 | Rifleman |
| 5:10 | Devotion Aura |
| 5:46 | Lesser Clarity Potion |
| 6:13 | Boots of Speed |
| 6:14 | Circlet of Nobility |
| 6:46 | Workshop |
| 6:52 | Castle |
| 7:49 | Flare |
| 7:50 | Mortar Team |
| 7:51 | Long Rifles |
| 7:52 | Rifleman |
| 8:14 | Advanced Lumber Harvesting |
| 8:14 | Advanced Masonry |
| 8:18 | Studded Leather Armor |
| 8:23 | Farm |
| 8:29 | Farm |
| 9:03 | Mortar Team |
| 9:39 | Fragmentation Shards |
| 9:39 | Mortar Team |
| 10:09 | Black Gunpowder |
| 10:13 | Mortar Team |
| 10:28 | Farm |
| 11:20 | Mortar Team |
| 11:59 | Mortar Team |
| 12:36 | Mortar Team |
| 12:37 | Mortar Team |
| 12:38 | Rifleman |
| 13:12 | Mortar Team |
| 13:29 | Peasant |
| 13:35 | Holy Light |
| 13:37 | Lesser Clarity Potion |
| 13:45 | Lesser Clarity Potion |
| 13:47 | Ivory Tower |
| 13:47 | Ivory Tower |
| 14:00 | Farm |
| 14:43 | Cannon Tower |
| 14:45 | Cannon Tower |
| 15:12 | Mortar Team |
| 15:12 | Rifleman |
| 15:49 | Mortar Team |
| 16:32 | Mortar Team |
| 16:39 | Town Hall |
| 16:41 | Mortar Team |
| 16:43 | Farm |
| 17:13 | Mortar Team |
| 17:20 | Scout Tower |
| 17:22 | Scout Tower |
| 17:40 | Refined Gunpowder |
| 17:41 | Reinforced Leather Armor |
| 17:43 | Farm |
| 17:48 | Arcane Tower |
| 17:49 | Cannon Tower |
| 17:53 | Farm |
| 17:54 | Scout Tower |
| 18:10 | Imbued Masonry |
| 19:21 | Arcane Tower |
| 20:04 | Barrage |
| 20:05 | Siege Engine |
| 20:21 | Farm |
| 20:41 | Lesser Clarity Potion |
| 20:46 | Scroll of Town Portal |
| 20:52 | Orb of Fire |
| 20:54 | Potion of Mana |
| 20:58 | Siege Engine |
| 21:04 | Workshop |
| 21:13 | Farm |
| 21:18 | Peasant |
| 21:29 | Peasant |
| 21:30 | Peasant |
| 21:31 | Scout Tower |
| 21:34 | Scout Tower |
| 21:40 | Siege Engine |
| 22:00 | Siege Engine |
| 22:53 | Guard Tower |
| 23:35 | Keep |
| 23:57 | Blacksmith |
| 24:02 | Lumber Mill |
| 24:05 | Scout Tower |
| 24:26 | Arcane Vault |
| 24:35 | Arcane Vault |
| 25:01 | Farm |
| 25:12 | Cannon Tower |
| 25:21 | Scout Tower |
| 25:27 | Scout Tower |
| 25:30 | Scout Tower |
| 25:52 | Guard Tower |
| 26:07 | Guard Tower |
| 26:11 | Farm |
| 26:16 | Gryphon Aviary |
| 26:20 | Workshop |
| 26:39 | Workshop |
| 26:48 | Divine Shield |
| 26:52 | Rifleman |
| 26:57 | Rifleman |
| 27:00 | Farm |
| 27:13 | Altar of Kings |
| 27:50 | Rifleman |
| 27:53 | Mortar Team |
| 28:27 | Mortar Team |
| 28:28 | Rifleman |
| 29:02 | Castle |
| 30:00 | Mortar Team |
| 30:01 | Rifleman |
| 30:28 | Flying Machine |
| 30:52 | Scroll of Town Portal |
| 31:25 | Siege Engine |
| Right click | 949 |
| Select group | 548 |
| Select | 431 |
| Chat | 173 |
| Build/train/purchase | 110 |
| Misc. action | 84 |
| Minimap ping | 64 |
| Assign group | 58 |
| Use ability | 50 |
| Remove unit | 7 |
| Resource trade | 4 |
| Item give/drop | 3 |


| Orb of Fire | 1 | 325 |
| Potion of Healing | 1 | 150 |
| Dust of Appearance | 1 | 75 |
| Scroll of Town Portal | 4 | 1400 |
| Boots of Speed | 2 | 500 |
| total: | 9 | 2450g |
| Peasant | 29 | 2175 | / | 0 |
| Footman | 3 | 405 | / | 0 |
| Rifleman | 3 | 615 | / | 90 |
| Flying Machine | 22 | 2200 | / | 660 |
| Goblin Shredder | 1 | 375 | / | 100 |
| total: | 58 | 5770g | / | 850w |
| Scout Tower | 55 | 1650 | / | 1100 |
| Arcane Tower | 6 | 420 | / | 300 |
| Guard Tower | 11 | 770 | / | 550 |
| Altar of Kings | 1 | 180 | / | 50 |
| Farm | 17 | 1360 | / | 340 |
| Barracks | 1 | 160 | / | 60 |
| Blacksmith | 2 | 280 | / | 120 |
| Lumber Mill | 2 | 240 | / | 0 |
| Arcane Vault | 1 | 130 | / | 30 |
| Town Hall | 3 | 1155 | / | 615 |
| Workshop | 3 | 420 | / | 420 |
| Arcane Sanctum | 1 | 150 | / | 140 |
| Keep | 1 | 320 | / | 210 |
| Castle | 1 | 360 | / | 210 |
| total: | 86 | 5725g | / | 2875w |
| 0:10 | Peasant |
| 0:10 | Peasant |
| 0:18 | Altar of Kings |
| 0:20 | Farm |
| 0:41 | Peasant |
| 0:41 | Peasant |
| 0:41 | Peasant |
| 0:41 | Peasant |
| 0:41 | Peasant |
| 1:02 | Barracks |
| 1:11 | Peasant |
| 1:17 | Farm |
| 1:50 | Blacksmith |
| 1:56 | Peasant |
| 2:02 | Blacksmith |
| 2:08 | Farm |
| 2:11 | Footman |
| 2:15 | Lumber Mill |
| 2:20 | Farm |
| 2:25 | Farm |
| 2:39 | Footman |
| 2:41 | Summon Water Elemental |
| 2:51 | Footman |
| 3:15 | Arcane Vault |
| 3:24 | Rifleman |
| 3:24 | Rifleman |
| 3:44 | Rifleman |
| 4:04 | Peasant |
| 4:05 | Peasant |
| 4:05 | Peasant |
| 4:05 | Peasant |
| 4:30 | Town Hall |
| 4:41 | Improved Lumber Harvesting |
| 4:52 | Black Gunpowder |
| 4:59 | Brilliance Aura |
| 5:33 | Scout Tower |
| 5:33 | Scout Tower |
| 5:37 | Scout Tower |
| 5:47 | Scout Tower |
| 5:48 | Scout Tower |
| 5:58 | Keep |
| 6:06 | Arcane Tower |
| 6:15 | Peasant |
| 6:15 | Peasant |
| 6:17 | Arcane Tower |
| 6:19 | Arcane Tower |
| 7:00 | Farm |
| 7:01 | Farm |
| 7:02 | Farm |
| 7:02 | Farm |
| 7:35 | Peasant |
| 7:46 | Scout Tower |
| 7:56 | Dust of Appearance |
| 8:01 | Peasant |
| 8:15 | Farm |
| 8:15 | Farm |
| 8:16 | Farm |
| 8:16 | Farm |
| 8:20 | Castle |
| 8:22 | Long Rifles |
| 8:29 | Advanced Lumber Harvesting |
| 9:12 | Frost Arrows |
| 9:19 | Summon Water Elemental |
| 9:40 | Workshop |
| 9:48 | Workshop |
| 10:51 | Goblin Shredder |
| 11:27 | Scout Tower |
| 11:28 | Scout Tower |
| 11:29 | Scout Tower |
| 11:31 | Scout Tower |
| 11:31 | Scout Tower |
| 11:32 | Scout Tower |
| 11:35 | Scout Tower |
| 11:36 | Scout Tower |
| 11:42 | Improved Masonry |
| 11:47 | Scout Tower |
| 11:48 | Scout Tower |
| 11:49 | Scout Tower |
| 11:50 | Scout Tower |
| 11:51 | Scout Tower |
| 11:51 | Scout Tower |
| 11:52 | Scout Tower |
| 11:53 | Scout Tower |
| 12:18 | Orb of Fire |
| 12:19 | Scroll of Town Portal |
| 12:34 | Potion of Healing |
| 12:40 | Guard Tower |
| 12:44 | Guard Tower |
| 12:56 | Scout Tower |
| 12:57 | Scout Tower |
| 12:58 | Scout Tower |
| 12:59 | Scout Tower |
| 13:00 | Scout Tower |
| 13:00 | Scout Tower |
| 13:03 | Scout Tower |
| 13:04 | Scout Tower |
| 13:04 | Scout Tower |
| 13:05 | Scout Tower |
| 13:13 | Scroll of Town Portal |
| 13:14 | Boots of Speed |
| 13:19 | Scroll of Town Portal |
| 13:24 | Boots of Speed |
| 13:44 | Guard Tower |
| 13:47 | Guard Tower |
| 13:56 | Arcane Sanctum |
| 14:01 | Scout Tower |
| 14:02 | Scout Tower |
| 14:02 | Scout Tower |
| 14:03 | Scout Tower |
| 14:12 | Workshop |
| 14:29 | Guard Tower |
| 14:39 | Guard Tower |
| 15:19 | Guard Tower |
| 15:22 | Magic Sentry |
| 15:38 | Forked Lightning |
| 15:48 | Guard Tower |
| 15:52 | Peasant |
| 15:52 | Peasant |
| 15:52 | Peasant |
| 15:52 | Peasant |
| 15:53 | Peasant |
| 16:17 | Advanced Masonry |
| 17:16 | Scout Tower |
| 17:49 | Arcane Tower |
| 17:52 | Scout Tower |
| 18:07 | Imbued Masonry |
| 18:11 | Barrage |
| 18:11 | Fragmentation Shards |
| 18:12 | Flying Machine Bombs |
| 18:12 | Flak Cannons |
| 18:12 | Flare |
| 18:21 | Farm |
| 18:22 | Farm |
| 18:24 | Farm |
| 18:25 | Farm |
| 18:29 | Lumber Mill |
| 18:37 | Arcane Tower |
| 18:46 | Scout Tower |
| 18:47 | Scout Tower |
| 18:47 | Scout Tower |
| 18:48 | Scout Tower |
| 18:49 | Scout Tower |
| 18:50 | Scout Tower |
| 18:51 | Scout Tower |
| 18:52 | Scout Tower |
| 18:54 | Scout Tower |
| 18:54 | Scout Tower |
| 18:55 | Scout Tower |
| 18:56 | Scout Tower |
| 19:02 | Town Hall |
| 19:23 | Guard Tower |
| 19:35 | Town Hall |
| 20:12 | Scout Tower |
| 20:15 | Scroll of Town Portal |
| 20:22 | Guard Tower |
| 20:28 | Iron Forged Swords |
| 20:30 | Iron Plating |
| 20:31 | Refined Gunpowder |
| 20:40 | Guard Tower |
| 20:47 | Scout Tower |
| 20:48 | Scout Tower |
| 20:48 | Scout Tower |
| 20:51 | Scout Tower |
| 21:28 | Flying Machine |
| 21:29 | Flying Machine |
| 21:32 | Flying Machine |
| 21:33 | Flying Machine |
| 21:33 | Flying Machine |
| 21:45 | Arcane Tower |
| 21:55 | Flying Machine |
| 21:59 | Steel Plating |
| 22:44 | Flying Machine |
| 22:45 | Flying Machine |
| 22:45 | Flying Machine |
| 22:45 | Flying Machine |
| 22:46 | Flying Machine |
| 22:46 | Flying Machine |
| 22:47 | Flying Machine |
| 23:37 | Flying Machine |
| 23:37 | Flying Machine |
| 23:37 | Flying Machine |
| 23:37 | Flying Machine |
| 24:26 | Flying Machine |
| 24:26 | Flying Machine |
| 24:28 | Flying Machine |
| 25:16 | Imbued Gunpowder |
| 25:17 | Mithril Plating |
| 26:20 | Flying Machine |
| 26:21 | Flying Machine |
| 27:09 | Peasant |
| 27:09 | Peasant |
| 28:19 | Peasant |
| 28:19 | Peasant |
| 28:19 | Peasant |
| 28:20 | Peasant |
| 28:20 | Peasant |
| Right click | 715 |
| Select group | 358 |
| Select | 289 |
| Build/train/purchase | 128 |
| Use ability | 30 |
| Assign group | 22 |
| Item give/drop | 5 |
| Remove unit | 4 |
| Chat | 4 |
| Misc. action | 1 |
| Minimap ping | 1 |
⇛